cohdb
Replays
Latest Replays
All Replays
Popular Replays
Top Player Replays
Match Explorer
How It Works
Community
CoH3 Stats
Reddit
Sign in to upload your games and track your stats! →
Sign in with Steam
Match 36931164
Unlisted
Match 36931164
Overview
Messages
Build Orders
End
Vickers Machine Gun Team
Construct Section Command Post
Dingo Light Scout Car
Selects Air and Sea Battlegroup
Infantry Section
Infantry Section
Infantry Section
Infantry Section
Selects Commando Section Paradrop
Selects Commando Support Section Paradrop
Construct Platoon Command Post
Grenade Package
Unlock Bishop Self-propelled Artillery
Selects Supply Surplus
Construct Resource Cache
CMP 15cwt Truck
CMP 15cwt Truck
Bishop Self-propelled Artillery
Construct Company Command Post
Crusader II Medium Tank
Royal Engineer Section
Commando Support Section Paradrop
CMP 15cwt Truck
Crusader II Medium Tank
Armored Vehicle Training
Selects Anti-tank Rocket Loiter
Anti-tank Rocket Loiter
Unlock M3 Grant Medium Tanks
Construct Resource Cache
smug_master
✿ ͜ ღ新颖♥㌻👑
坦克杀手
chiamang3
banksss33
Tomlin
Milliam
SerikaOnoe
0
0
Comments
sign in to comment!
No comments posted yet!